 Dungeon Crawl Stone Soup version 0.30-a0-149-g7f746667c4 (webtiles) character file.

Game seed: 10536917449112493873

35 themarg the Insei (level 3, -3/27 HPs)
             Began as a Djinni Transmuter on Sept 27, 2022.
             Slain by an orc
             ... wielding a +0 flail
              (9 damage)
             ... on level 3 of the Dungeon.
             The game lasted 00:05:04 (2195 turns).

themarg the Insei (Djinni Transmuter)               Turns: 2195, Time: 00:05:06

Health: -3/27      AC:  2    Str:  9    XL:     3   Next: 55%
Gold:   112        EV: 19    Int: 16    God:
                   SH:  0    Dex: 18

rFire   . . .      SeeInvis .      - Unarmed
rCold   . . .      Faith    .    (shield currently unavailable)
rNeg    . . .      Spirit   .    (body armour currently unavailable)
rPois   ∞          Reflect  .    (helmet currently unavailable)
rElec   .          Harm     .    (cloak currently unavailable)
rCorr   .          Rampage  .    (gloves currently unavailable)
Will    .....                    (boots unavailable)
Stlth   ++........               d - amulet of the acrobat
HPRegen 0.09/turn                (no ring)
MPRegen 0.00/turn                (no ring)

@: spider-form (expiring), wereblooded, flying
A: venomous fangs, flying, sickness immunity, tiny, (fire resistance 2), (cold
vulnerability 1), float, innate caster, HP casting, extra vitality 1
a: End Transformation


You were on level 3 of the Dungeon.
You were a venomous arachnid creature.
You visited 1 branch of the dungeon, and saw 3 of its levels.

You collected 112 gold pieces.

Inventory:

Hand Weapons
 j - a +0 dagger of venom (melded)
Armour
 a - a +0 robe (melded)
 c - a +0 helmet (melded)
 l - a +0 pair of gloves (melded)
Magical Staves
 g - a staff of poison
Jewellery
 d - an amulet of the acrobat (around neck)
Scrolls
 h - 3 scrolls of identify {unknown}
 i - a scroll of magic mapping {unknown}
 k - a scroll of poison {unknown}
 o - a scroll of teleportation {unknown}
 p - a scroll of summoning {unknown}
Potions
 b - 2 potions of lignification
 e - 3 potions of heal wounds {unknown}
 f - a potion of attraction {unknown}
 m - a potion of degeneration {unknown}
 n - a potion of mutation {unknown}


   Skills:
 - Level 1.1 Fighting
 - Level 2.2 Dodging
 * Level 1.2 Stealth
 + Level 3.4 Unarmed Combat
 * Level 2.0 Spellcasting


You couldn't memorise any spells.
You knew the following spells:

 Your Spells              Type           Power      Damage    Failure   Level
a - Beastly Appendage     Tmut           16%        N/A       22%         1
b - Wereblood             Tmut           8%         N/A       30%         2
c - Spider Form           Tmut/Pois      8%         N/A       47%         3
d - Ice Form              Ice/Tmut       8%         N/A       83%         4
e - Slow                  Hex            32%        N/A       22%         1
Your spell library was empty.

Dungeon Overview and Level Annotations

Branches:
Dungeon (3/15)

Altars:
Trog


Innate Abilities, Weirdness & Mutations

You are a venomous arachnid creature.
You have poisonous fangs.
You are tiny and dextrous.
You are flying.
Your spellcasting is less reliable in this form.
Your armour is entirely melded.
You are incapable of wielding weapons or throwing items.
You are immune to sickness and miasma.
You are immune to poison.
((Your flesh is very heat resistant. (rF++)))
((You are vulnerable to cold. (rC-)))
You float through the air rather than walking.
You learn spells naturally, not from books.
Your magical power is your life essence.
You have superior vitality. (+4 MHP)


Message History

You hit the orc but do no damage.
The orc is poisoned.
The orc closely misses you. The orc misses you. The rat closely misses you.
The orc completely misses you.
You hit the orc.
The orc is poisoned.
The orc is lightly wounded.
The orc barely misses you.
The rat twitches its whiskers.
The rat closely misses you. The orc completely misses you.
You hit the orc.
The orc looks even sicker.
The orc is moderately wounded.
The orc misses you. The rat misses you. The orc closely misses you.
The orc hits you with a +0 hand axe.
You hit the orc.
The orc is poisoned.
The orc is heavily wounded.
You feel a bit better.
You kill the orc!
The rat misses you. The orc misses you. The orc hits you with a +0 hand axe.
* * * LOW HITPOINT WARNING * * *
The orc misses you.
You barely miss the orc.
Your transformation is almost over.
The rat misses you. The orc completely misses you.
The orc hits you with a +0 hand axe.
* * * LOW HITPOINT WARNING * * *
The orc hits you with a +0 hand axe.
* * * LOW HITPOINT WARNING * * *
You hit the orc.
The orc is poisoned.
The orc is moderately wounded.
You hiss as the wereblood boils in your veins!
The rat completely misses you. The orc completely misses you.
The orc closely misses you. The orc hits you with a +0 hand axe.
* * * LOW HITPOINT WARNING * * *
You hit the rat but do no damage.
The rat is poisoned.
You feel a bit better.
You kill the orc!
You feel a bit better.
You kill the orc!
You feel a bit better.
You kill the rat!
The orc hits you with a +0 flail!
You die...

###..
#...
#...
#..#
#..#
#..#
#####.)#
#...)s)#
#.###o†#
#....
#...##
.<...
#..###
#..#
#..#


You could see an orc (very poisoned).

Vanquished Creatures
  A dart slug (D:2)
  4 orcs
  4 ball pythons
  2 endoplasms (D:1)
  2 giant cockroaches (D:1)
  5 goblins (D:1)
  2 hobgoblins (D:1)
  2 kobolds
  2 quokkas
  2 bats (D:1)
  A frilled lizard (D:2)
  4 rats
31 creatures vanquished.

Notes
Turn   | Place    | Note
-------+----------+-------------------------------------------
     0 | D:1      | themarg the Djinni Transmuter began the quest for the Orb.
     0 | D:1      | themarg set off with the following spells memorised:
                  | Beastly Appendage, Wereblood, Spider Form, Ice Form.
     0 | D:1      | Reached XP level 1. HP: 17/17 MP: 0/0
   498 | D:1      | Reached XP level 2. HP: 19/22 MP: 0/0
  1180 | D:1      | Reached XP level 3. HP: 25/27 MP: 0/0
  1180 | D:1      | Learned a level 1 spell: Slow
  1218 | D:1      | Reached skill level 1 in Stealth
  1383 | D:2      | Found a bloodstained altar of Trog.
  1673 | D:2      | Found a faded altar of an unknown god.
  2194 | D:3      | HP: 1/27 [orc/+0 hand axe (1)]
  2195 | D:3      | Slain by an orc

Illustrated notes

Levels and vault maps discovered:
D:1:      co_arrival_square_in_a_square_in_a_square, layout_loops_cross,
          dreamdust_princess_corridor
D:2:      layout_rooms, hellmonk_ecumenical_altar_zigzags, basic_altar
D:3:      layout_loops_ring

Skill      XL: |  1  2  3 |
---------------+----------+-----
Stealth        | 1 |  1.2
Spellcasting   | 2 |  2.0
Fighting       | |  1.1
Dodging        | |  2.2
Unarmed Combat | |  3.4

Action                   || total
-------------------------++-------
Melee: Unarmed           ||    26
       Short sword       ||    18
       Headbutt          ||    14
       Punch             ||     1
       Dagger            ||    46
 Cast: Beastly Appendage ||    22
       Wereblood         ||     3
       Spider Form       ||     1
 Stab: Sleeping          ||     1
Armor: Robe              ||    22
Dodge: Dodged            ||    73

Table legend: (Time is in decaauts)
 A = Elapsed time spent in this place.
 B = Non-inter-level travel time spent in this place.
 C = Inter-level travel time spent in this place.
 D = Time resting spent in this place.
 E = Time spent auto-exploring this place.
 F = Levels seen in this place.
 G = Mean time per level.
                   A        B        C        D        E       F      G
               +--------+--------+--------+--------+--------+-----+--------+
         Total |   2192 |   2158 |     34 |    962 |    869 |   3 |  730.7 |
       Dungeon |   2192 |   2158 |     34 |    962 |    869 |   3 |  730.7 |
               +--------+--------+--------+--------+--------+-----+--------+

Top non-repeatable levels by time:
     D:1: 1378 daAuts
     D:2: 805 daAuts
     D:3: 8 daAuts
